 Dungeon Crawl Stone Soup version 0.26-a0-800-g517d6fe721 (webtiles) character file.

Game seed: 17896817142021719225

35143 iamoutofideas the Grappler (level 13, 0/130 HPs)
             Began as a Troll Hunter on Nov 11, 2020.
             Was the Champion of Okawaru.
             Slain by an elephant (1 damage)
             ... while petrified by a basilisk
             ... on level 3 of the Lair of Beasts.
             The game lasted 00:25:25 (13083 turns).

iamoutofideas the Grappler (Troll Hunter)          Turns: 13083, Time: 00:25:25

Health: 0/130      AC:  8    Str: 25    XL:     13   Next: 46%
Magic:  12/12      EV:  1    Int:  7    God:    Okawaru [******]
Gold:   1204       SH:  0    Dex: 14    Spells: 12/12 levels left

rFire    . . .     SeeInvis .     - Unarmed
rCold    + . .     Faith    .   (no shield)
rNeg     + + +     Spirit   .   D - +2 robe of the Moon {rC+ Dex+2}
rPois    ∞         Reflect  .   (helmet restricted)
rElec    .         Harm     .   j - scarf {repulsion}
rCorr    +         Rampage  .   (gloves unavailable)
MR       .....     Clarity  +   (boots unavailable)
Stlth    +.........             o - amulet of the acrobat
HPRegen  0.71/turn              g - +4 ring of slaying
MPRegen  0.13/turn              d - ring of resist corrosion

@: lethally poisoned (0 -> 0), petrified, repel missiles
A: large, unfitting armour, claws 3, large bone plates 2, clarity, regeneration
1, shaggy fur 1, tough skin 3
a: Heroism, Finesse, Renounce Religion


You were on level 3 of the Lair of Beasts.
You worshipped Okawaru.
Okawaru was exalted by your worship.
You visited 3 branches of the dungeon, and saw 17 of its levels.
You also visited: Gauntlet.

You collected 1204 gold pieces.

Inventory:

Missiles
 c - 39 javelins
 t - 10 large rocks (quivered)
 u - a throwing net
 v - 447 stones
 y - 53 poisoned darts
 z - 13 boomerangs
 E - 11 curare-tipped darts
Armour
 b - a +0 robe
 j - a scarf of repulsion (worn)
 r - a +0 cloak
 B - a +2 robe of cold resistance
 D - the +2 robe of the Moon (worn) {rC+ Dex+2}
   (Okawaru gifted it to you on level 3 of the Lair of Beasts)

   It affects your dexterity (+2).
   It protects you from cold.
 G - a +3 troll leather armour
Jewellery
 d - a ring of resist corrosion (right claw)
 g - a +4 ring of slaying (left claw)
 k - an uncursed amulet of reflection
 l - a +6 ring of intelligence
 o - an amulet of the acrobat (around neck)
 p - an uncursed ring of ice
 w - an uncursed ring of protection from cold
 C - an uncursed ring of protection from magic
 I - an uncursed ring of protection from magic
Wands
 F - a wand of disintegration (28)
 M - a wand of iceblast (11)
 O - a wand of polymorph (11)
 P - a wand of enslavement (10)
Scrolls
 a - 7 scrolls of teleportation
 e - 6 scrolls of remove curse
 f - 2 scrolls of enchant weapon
 m - 4 scrolls of identify
 x - 4 scrolls of blinking
 L - a scroll of immolation
Potions
 h - 3 potions of mutation
 i - 3 potions of haste
 n - 2 potions of brilliance
 q - 2 potions of flight
 s - a potion of resistance
 A - 2 potions of ambrosia
 J - 3 potions of curing


   Skills:
 * Level 8.8 Fighting
 * Level 10.1 Throwing
 * Level 8.8 Dodging
 - Level 0.3 Stealth
 + Level 14.9 Unarmed Combat


You had 12 spell levels left.
You didn't know any spells.
Your spell library contained the following spells:

 Spells                   Type           Power        Failure   Level
 Animate Skeleton         Necr           #.....       43%         1
 Foxfire                  Conj/Fire      #...         43%         1
 Pain                     Necr           #...         43%         1
 Conjure Flame            Conj/Fire      #.......     80%         3
 Inner Flame              Hex/Fire       #.......     80%         3
 Vampiric Draining        Necr           #.........   80%         3
 Animate Dead             Necr           #.........   99%         4
 Sticky Flame             Conj/Fire      #.......     99%         4
 Agony                    Necr           #.......     100%        5
 Fireball                 Conj/Fire      #.........   100%        5


Dungeon Overview and Level Annotations

Branches:
Dungeon (12/15)            Temple (1/1) D:6            Lair (4/6) D:8
 Shoals (0/4) Lair:3          Orc (0/2) D:9         Gauntlet (visited)
  Swamp: Lair:2-4     Snake: Lair:2-4    Spider: Lair:2-4

Altars:
Dithmenos
Elyvilon
Fedhas
Gozag
Hepliaklqana
Kikubaaqudgha
Makhleb
Nemelex Xobeh
Okawaru
Qazlal
Ru
Sif Muna
Trog
Uskayaw
Vehumet
Xom
Yredelemnul
Zin
Beogh

Portals:
Volcano: Lair:4

Annotations:
D:6 3 runed translucent doors, Demosthentine's ghost, novice MfGl
D:8 3 runed translucent doors, Rennog's ghost, novice TrWr


Innate Abilities, Weirdness & Mutations

You are too large for most types of armour.
You have claws for hands.
Your natural rate of healing is unusually fast.
You are covered in fur. (AC +1)
You have extremely tough skin. (AC +3)
You are mostly covered in large bone plates. (SH +6)
You possess an exceptional clarity of mind.


Message History

The cane toad stings you!!
* * * LOW HITPOINT WARNING * * *
The centaur hits you.
* * * LOW HITPOINT WARNING * * *
The centaur barely misses you. The elephant tramples you!
* * * LOW HITPOINT WARNING * * *
You hold your ground!
The elephant trunk-slaps you but does no damage.
The centaur hits you with a +0 morningstar!!
* * * LOW HITPOINT WARNING * * *
The centaur hits you. The cane toad stings you!
* * * LOW HITPOINT WARNING * * *
The centaur hits you.
* * * LOW HITPOINT WARNING * * *
The basilisk bites you!
* * * LOW HITPOINT WARNING * * *
The elephant tramples you!
* * * LOW HITPOINT WARNING * * *
You hold your ground!
The elephant trunk-slaps you.
You die...

##.............## ##.
##...............# ##.#
#P......#.##.##..##
####...
##.....#########..#
#####....P. #...###
#..#####..........
##..#
###..##.............
####
#...................
##..l...#...........
###.c@Y(##............
##...cFc(##.........[..
#.....Y(.###...........
#.........###..........
##.........#
...........
##..........##
......)...
#P...........# .......
#............# .......
##.......(..## .......


You could see 2 elephants, a cane toad, a basilisk and 3 centaurs.

Vanquished Creatures
  A minotaur (Gauntlet)
  A death ooze (Gauntlet)
  2 boulder beetles
  2 hydras
  Fannar (Lair:2)
  A centaur warrior (D:10)
  4 two-headed ogres
  6 death yaks
  A sixfirhy (Gauntlet)
  An unseen horror (D:12)
  A manticore (D:11)
  3 ugly things
  An oklob plant (Gauntlet)
  A centaur zombie (D:10)
  2 cyclopes (D:10)
  An elephant (Lair:3)
  A black mamba (Lair:1)
  2 gargoyles
  2 centaur skeletons
  4 kobold demonologists (D:12)
  7 cane toads
  A rime drake (Lair:3)
  4 trolls
  A polar bear (D:10)
  3 slime creatures
  A hornet (D:11)
  2 shadows
  A wyvern (Lair:3)
  22 yaks
  2 humans (D:9)
  An acid dragon (Gauntlet)
  5 orc warriors
  4 water moccasins
  6 ice beasts
  5 sky beasts
  A necrophage (D:5)
  8 ogres
  2 black bears
  3 eyes of draining
  4 wolves (D:10)
  4 phantoms
  7 centaurs
  5 big kobolds
  10 bullfrogs
  Blork the orc (D:6)
  A water moccasin zombie (D:8)
  4 scorpions
  2 troll zombies (D:9)
  9 killer bees
  4 wights (D:7)
  An electric eel (D:10)
  3 howler monkeys
  A bullfrog zombie (D:5)
  7 jellies
  5 orc priests
  3 bullfrog skeletons
  10 hounds
  2 iguanas
  7 orc wizards
  8 worker ants
  4 ogre zombies (D:9)
  3 hound skeletons
  A killer bee simulacrum (D:10)
  A worker ant zombie (D:8)
  A howler monkey zombie (D:5)
  13 adders
  3 gnolls (D:7)
  A howler monkey skeleton (D:7)
  A hound simulacrum (D:10)
  2 shadow imps
  10 white imps
  A howler monkey simulacrum (D:10)
  7 ufetubi
  An ooze (D:4)
  2 adder skeletons
  2 worms
  3 dart slugs
  An adder simulacrum (D:10)
  5 leopard geckos
  34 orcs
  2 ball pythons (D:1)
  3 giant cockroaches
  9 hobgoblins
  11 jackals
  29 kobolds
  2 quokkas
  4 bats
  4 frilled lizards
  6 goblins
  A goblin skeleton (D:9)
  3 goblin zombies (D:9)
  2 hobgoblin zombies (D:9)
  3 orc skeletons (D:9)
  10 orc zombies (D:9)
  11 rats
411 creatures vanquished.

Vanquished Creatures (others)
  An ice beast (D:10)
  A kobold (D:9)
  11 fungi
  40 plants
  A withered plant (D:4)
54 creatures vanquished.

Grand Total: 465 creatures vanquished

Notes
Turn   | Place    | Note
-------+----------+-------------------------------------------
     0 | D:1      | iamoutofideas the Troll Hunter began the quest for the Orb.
     0 | D:1      | Reached XP level 1. HP: 19/19 MP: 0/0
    67 | D:1      | Reached skill level 1 in Unarmed Combat
   120 | D:1      | Reached XP level 2. HP: 22/27 MP: 1/1
   179 | D:1      | Reached skill level 2 in Unarmed Combat
   406 | D:1      | Reached XP level 3. HP: 33/33 MP: 2/2
   738 | D:2      | Reached skill level 3 in Unarmed Combat
   968 | D:2      | Reached XP level 4. HP: 41/41 MP: 3/3
  1123 | D:3      | Reached skill level 4 in Unarmed Combat
  1283 | D:3      | Found a faded altar of an unknown god.
  1311 | D:3      | Reached XP level 5. HP: 48/48 MP: 4/4
  1436 | D:3      | Found a sacrificial altar of Ru.
  1479 | D:4      | Reached skill level 5 in Unarmed Combat
  1564 | D:4      | Noticed a phantom
  1591 | D:4      | Reached XP level 6. HP: 33/55 MP: 5/5
  1682 | D:4      | Reached skill level 6 in Unarmed Combat
  2007 | D:4      | Found a blossoming altar of Fedhas.
  2010 | D:4      | Found an ancient bone altar of Kikubaaqudgha.
  2058 | D:4      | Reached skill level 7 in Unarmed Combat
  2319 | D:5      | Entered Level 5 of the Dungeon
  2329 | D:5      | Reached XP level 7. HP: 62/62 MP: 6/6
  2431 | D:5      | Found a shimmering altar of Xom.
  2432 | D:5      | Found a shimmering altar of Xom.
  2436 | D:5      | Found a shimmering altar of Xom.
  2507 | D:5      | Reached skill level 8 in Unarmed Combat
  2534 | D:5      | Found a sparkling altar of Nemelex Xobeh.
  2538 | D:5      | Found a hazy altar of Hepliaklqana.
  2861 | D:6      | Reached skill level 9 in Unarmed Combat
  2913 | D:6      | Found a stormy altar of Qazlal.
  2948 | D:6      | Found an opulent altar of Gozag.
  2951 | D:6      | Found a bloodstained altar of Trog.
  3006 | D:6      | Reached XP level 8. HP: 60/70 MP: 7/7
  3053 | D:6      | Noticed Blork the orc
  3062 | D:6      | Killed Blork the orc
  3146 | D:6      | Noticed Demosthentine's ghost (novice MfGl)
  3148 | D:6      | Found a runed translucent gate.
  3148 | D:6      | Found a runed translucent gate.
  3148 | D:6      | Found a runed translucent gate.
  3363 | D:6      | Found a radiant altar of Vehumet.
  3412 | D:6      | Found a staircase to the Ecumenical Temple.
  3416 | Temple   | Entered the Ecumenical Temple
  3537 | Temple   | Became a worshipper of Warmaster Okawaru
  3583 | D:6      | Reached skill level 10 in Unarmed Combat
  4039 | D:6      | Gained mutation: You are partially covered in large bone
                  | plates. (SH +4) [potion of mutation]
  4039 | D:6      | Gained mutation: You possess an exceptional clarity of
                  | mind. [potion of mutation]
  4039 | D:6      | Gained mutation: You are mostly covered in large bone
                  | plates. (SH +6) [potion of mutation]
  4041 | D:6      | HP: 2/70 [kobold/+0 short sword (2)]
  4186 | D:7      | Reached * piety under Okawaru
  4242 | D:7      | Noticed a two-headed ogre
  4248 | D:7      | Killed a two-headed ogre
  4248 | D:7      | Reached skill level 11 in Unarmed Combat
  4248 | D:7      | Reached XP level 9. HP: 76/76 MP: 8/8
  4292 | D:7      | Reached skill level 12 in Unarmed Combat
  4457 | D:7      | Reached ** piety under Okawaru
  4553 | D:7      | Found a hide-covered altar of Uskayaw.
  4562 | D:7      | Found a shimmering altar of Xom.
  4952 | D:8      | Reached skill level 13 in Unarmed Combat
  5431 | D:8      | Found a staircase to the Lair.
  5440 | D:8      | Found a runed translucent gate.
  5440 | D:8      | Found a runed translucent gate.
  5441 | D:8      | Found a runed translucent gate.
  5442 | D:8      | Identified the +10 dire flail "Ekke" {vorpal, *Corrode MR+
                  | Str+3 SInv}
  5442 | D:8      | Noticed Rennog's ghost (novice TrWr)
  5446 | D:8      | Found a roughly hewn altar of Beogh.
  5831 | D:9      | Noticed a gargoyle
  5837 | D:9      | Killed a gargoyle
  5837 | D:9      | Reached *** piety under Okawaru
  5837 | D:9      | Reached XP level 10. HP: 85/85 MP: 9/9
  5901 | D:9      | Reached skill level 14 in Unarmed Combat
  6003 | D:9      | Found a staircase to the Orcish Mines.
  6146 | D:9      | Reached **** piety under Okawaru
  6356 | D:9      | Found an iron altar of Okawaru.
  6639 | D:9      | Noticed a two-headed ogre
  6649 | D:9      | Killed a two-headed ogre
  6649 | D:9      | Reached skill level 5 in Throwing
  6742 | D:10     | Entered Level 10 of the Dungeon
  6950 | D:10     | Noticed a cyclops
  6957 | D:10     | Killed a cyclops
  6957 | D:10     | Received a gift from Okawaru
  6961 | D:10     | Reached XP level 11. HP: 70/100 MP: 10/10
  7263 | D:9      | Received a gift from Okawaru
  7369 | D:10     | Reached ***** piety under Okawaru
  7442 | D:10     | Noticed a two-headed ogre
  7444 | D:10     | Noticed a boulder beetle
  7445 | D:10     | Reached skill level 5 in Fighting
  7454 | D:10     | Killed a two-headed ogre
  7454 | D:10     | Reached skill level 5 in Dodging
  7467 | D:10     | Killed a boulder beetle
  7530 | D:10     | Noticed a centaur warrior
  7535 | D:10     | Killed a centaur warrior
  7964 | D:10     | Noticed a white ugly thing
  7970 | D:10     | Killed a white ugly thing
  8418 | D:11     | Reached XP level 12. HP: 115/115 MP: 11/11
  8530 | D:11     | Received a gift from Okawaru
  8579 | D:11     | Noticed a seven-headed hydra
  8818 | D:11     | Killed a seven-headed hydra
  9551 | D:12     | Reached ****** piety under Okawaru
  9569 | D:12     | Noticed a two-headed ogre
  9719 | D:12     | Noticed a boulder beetle
  9732 | D:12     | Killed a boulder beetle
  9856 | D:12     | Killed a two-headed ogre
 10188 | D:12     | Found the +6 arbalest "Damnation" {damnation}
 10689 | Lair:1   | Entered Level 1 of the Lair of Beasts
 11268 | Lair:2   | Received a gift from Okawaru
 11310 | Lair:2   | Noticed Fannar
 11318 | Lair:2   | Killed Fannar
 11355 | Lair:2   | Noticed a four-headed hydra
 11362 | Lair:2   | Noticed a death yak
 11362 | Lair:2   | Noticed a death yak
 11363 | Lair:2   | Noticed a death yak
 11364 | Lair:2   | Noticed a death yak
 11364 | Lair:2   | Noticed a death yak
 11364 | Lair:2   | Noticed a death yak
 11377 | Lair:2   | Found a gate leading to a gauntlet.
 11386 | Gauntlet | Entered a Gauntlet
 11386 | Gauntlet | Found a transporter.
 11389 | Gauntlet | Noticed a death ooze
 11396 | Gauntlet | Found a transporter.
 11396 | Gauntlet | Found a transporter.
 11397 | Gauntlet | Found a transporter.
 11401 | Gauntlet | Found a runed translucent door.
 11401 | Gauntlet | Found a runed translucent door.
 11405 | Gauntlet | Found a transporter.
 11408 | Gauntlet | Found a transporter.
 11409 | Gauntlet | Found a transporter.
 11418 | Gauntlet | Found a transporter.
 11420 | Gauntlet | Found a transporter.
 11421 | Gauntlet | Found a transporter.
 11428 | Gauntlet | Found a runed translucent door.
 11430 | Gauntlet | Found a transporter.
 11432 | Gauntlet | Found a transporter.
 11433 | Gauntlet | Found a transporter.
 11441 | Gauntlet | Found a transporter.
 11530 | Gauntlet | Killed a death ooze
 11753 | Gauntlet | Noticed a minotaur
 11762 | Gauntlet | Killed a minotaur
 11762 | Gauntlet | Reached XP level 13. HP: 127/127 MP: 9/12
 11987 | Lair:3   | Received a gift from Okawaru
 11990 | Lair:3   | Got a bloodstained robe {god gift}
 12001 | Lair:3   | Identified the +2 robe of the Moon {rC+ Dex+2} (Okawaru
                  | gifted it to you on level 3 of the Lair of Beasts)
 12536 | Lair:2   | You fall into a shaft and drop 2 floors!
 12549 | Lair:4   | Reached skill level 10 in Throwing
 12594 | Lair:4   | Found a dark tunnel.
 13058 | Lair:3   | Found a staircase to the Shoals.
 13083 | Lair:3   | HP: 1/130 [elephant (7)]
 13083 | Lair:3   | Slain by an elephant

Illustrated notes

Levels and vault maps discovered:
D:1:      roderic_chinese_lattice_arrival, layout_loops_ring,
          minmay_pentomino_t4
D:2:      kennysheep_big_flooded_room, layout_rooms, minmay_misc_feat_iff
D:3:      layout_rooms, nicolae_overflow_hidden_temple,
          chequers_ecumenical_altar_simple, nicolae_underground_beach
D:4:      layout_cave_pools, grunt_temple_overflow_growth_and_decay
D:5:      layout_basic, gammafunk_temple_overflow_pools, serial_curves,
          eino_curves_04, eino_curves_03, xom_redecorated
D:6:      layout_loops_cross, grunt_gozag_breadcrumbs, marbit_many_paths,
          minmay_temple_entry_trees, basic_altar, gammafunk_ghost_split,
          nicolae_qazlal_general_emergency, uniq_blork_the_orc
D:7:      layout_gridville, minitemple
D:8:      layout_cave_pods, dpeg_oklobed_lair, biasface_ghost_orc_armoury
D:9:      layout_irregular_city, zombieorc1_lemuel, okawaru_humans
D:10:     hangedman_cross_veins, layout_long_grid, serial_ice, serial_ice_g,
          serial_ice_e, serial_ice_n, serial_ice_i, serial_ice_f, serial_ice_d
D:11:     layout_long_grid
D:12:     layout_irregular_city
Temple:   nicolae_temple_figure_eight
Lair:1:   layout_big_grid
Lair:2:   layout_cave_pods, serial_bayou, serial_bayou_lagoon_b,
          serial_bayou_pond_e, serial_bayou_shore_b, serial_bayou_crossing,
          gauntlet_entry_generic, chequers_serial_rivers_micro_a, uniq_fannar
Lair:3:   layout_cave_pods, palyth_hydra_swamp_entry,
          minmay_shoals_entry_centaurs, infiniplex_staircase_pool
Lair:4:   layout_big_grid, enter_volcano_2, lemuel_fruit_fields, uniq_kirke

Skill      XL: |  1  2  3  4  5  6  7  8  9 10 11 12 13 |
---------------+----------------------------------------+-----
Unarmed Combat | 1 2 3 4 5 7 9 11 13 14 | 14.9
Dodging        | 4 6 8 |  8.8
Fighting       | 4 6 8 |  8.8
Throwing       | 5 7 9 10 | 10.1
Stealth        | |  0.3

Action                   |  1- 3 |  4- 6 |  7- 9 | 10-12 | 13-15 || total
-------------------------+-------+-------+-------+-------+-------++-------
Melee: Unarmed           |   108 |   141 |   273 |   593 |   106 ||  1221
       Short sword       |     3 |       |       |       |       ||     3
       Punch             |       |     4 |    12 |    50 |     6 ||    72
Throw: Large rock        |       |     5 |     3 |    18 |     5 ||    31
       Throwing net      |       |     2 |       |     2 |       ||     4
       Dart              |       |       |     2 |     3 |       ||     5
       Javelin           |       |       |       |     1 |       ||     1
Invok: Heroism           |       |       |       |     3 |       ||     3
  Use: Scroll            |     3 |       |     6 |    16 |     3 ||    28
       Potion            |       |       |     4 |    11 |       ||    15
 Stab: Sleeping          |     3 |     3 |     3 |       |     1 ||    10
Armor: Robe              |    44 |    39 |    66 |     4 |    22 ||   175
       Troll leather arm |       |       |       |   144 |    13 ||   157
       Skin              |       |       |       |     5 |       ||     5
Dodge: Dodged            |    73 |    51 |   118 |   264 |   109 ||   615
       Repelled          |       |       |       |     3 |       ||     3
Block: Other             |     7 |    28 |   109 |   252 |    29 ||   425
       Reflection        |     1 |       |     8 |     9 |       ||    18

Table legend: (Time is in decaauts)
 A = Elapsed time spent in this place.
 B = Non-inter-level travel time spent in this place.
 C = Inter-level travel time spent in this place.
 D = Time resting spent in this place.
 E = Time spent auto-exploring this place.
 F = Levels seen in this place.
 G = Mean time per level.
                   A        B        C        D        E       F      G
               +--------+--------+--------+--------+--------+-----+--------+
         Total |  12885 |  12237 |    648 |   1972 |   7378 |  18 |  715.8 |
       Dungeon |  10395 |   9846 |    549 |   1283 |   6261 |  12 |  866.2 |
        Temple |    136 |    105 |     31 |      0 |    104 |   1 |  136.0 |
          Lair |   1949 |   1882 |     67 |    554 |    874 |   4 |  487.2 |
      Gauntlet |    403 |    403 |      0 |    135 |    139 |   1 |  403.0 |
               +--------+--------+--------+--------+--------+-----+--------+

Top non-repeatable levels by time:
    D:10: 1346 daAuts
    D:12: 1182 daAuts
     D:9: 1119 daAuts
    D:11: 1110 daAuts
     D:8: 1021 daAuts
     D:6: 961 daAuts
  Lair:3: 829 daAuts
     D:7: 813 daAuts
     D:4: 770 daAuts
     D:1: 653 daAuts
  Lair:1: 550 daAuts
     D:5: 524 daAuts
     D:2: 455 daAuts
  Lair:2: 445 daAuts
     D:3: 435 daAuts
